[Event "RUS-ch Blitz 2021"]
[Site "Sochi"]
[Date "2021.10.11"]
[Round "12.12"]
[White "Khegay, Dmitriy"]
[Black "Vastrukhin, Oleg"]
[Result "0-1"]
[ECO "D02"]
[WhiteElo "2521"]
[BlackElo "2382"]
[Annotator "ChessBase"]
[PlyCount "80"]
[EventDate "2021.10.11"]
[EventType "blitz"]
[EventCountry "RUS"]
[SourceTitle "playchess.com"]
[Source "ChessBase"]
[SourceQuality "1"]
[TimeControl "180+2"]

1. d4 g6 2. Bf4 Bg7 3. e3 Nf6 4. Nf3 O-O 5. Be2 d5 6. O-O c5 7. c3 Qb6 8. Qb3 Nc6 9. Nbd2 c4 10. Qa3 Bf5 11. b3 Bd3 12. Bxd3 cxd3 13. Rfd1 Ne4 14. Rac1 Rfc8 15. Qb2 a5 16. Ne1 e5 17. dxe5 Nxe5 18.
Nb1 d2 19. Nxd2 Nxc3 20. Rxc3 Rxc3 21. Bxe5 Bxe5 22. Ndf3 Bf6 23. Qd2 Rac8 24. h4 h5 25. g3 Qb4 26. Qe2 Qe4 27. Qd2 R8c5 28. Kg2 b5 29. Nd3 Rc8 30. Nf4 d4 31. Re1 dxe3 32. Rxe3 Rxe3 33. Qxe3 Qxe3 34. fxe3 Rc2+ 35. Kh3 Rxa2 36. g4 hxg4+ 37. Kxg4 a4 38. Nd5 Bg7 39. bxa4 bxa4 40. Ng5 a3 0-1

[Event "RUS-ch Blitz 2021"]
[Site "Sochi"]
[Date "2021.10.11"]
[Round "12.13"]
[White "Shubin, Kirill"]
[Black "Triapishko, Alexandr"]
[Result "1-0"]
[ECO "B13"]
[WhiteElo "2463"]
[BlackElo "2506"]
[Annotator "ChessBase"]
[PlyCount "61"]
[EventDate "2021.10.11"]
[EventType "blitz"]
[EventCountry "RUS"]
[SourceTitle "playchess.com"]
[Source "ChessBase"]
[SourceQuality "1"]
[TimeControl "180+2"]

1. e4 c6 2. d4 d5 3. exd5 cxd5 4. Bd3 Nf6 5. c3 Nc6 6. Bf4 Bg4 7. Qb3 Qc8 8. Nd2 e6 9. Ngf3 Be7 10. O-O O-O 11. Rfe1 Bh5 12. Ng5 Qd7 13. Nf1 h6 14. Nh3 Bg4 15. Qc2 Bxh3 16. gxh3 Bd6 17. Bg3 Rac8 18. Qe2 Ne7 19. Nd2 Rfe8 20. Nf3 Qc7 21. Kh1 Ng6 22. Bxd6 Qxd6 23. Bxg6 fxg6 24. Rg1 g5 25. h4 gxh4 26. Ne5 Rc7 27. Rg6 Rf8 28. Rag1 Kh7 29. f3 Qd8 30. Qg2 Qe8 31. Rxg7+ 1-0

[Event "RUS-ch Blitz 2021"]
[Site "Sochi"]
[Date "2021.10.11"]
[Round "12.14"]
[White "Makarian, Rudik"]
[Black "Obgolts, Erik"]
[Result "0-1"]
[ECO "E73"]
[WhiteElo "2470"]
[BlackElo "2430"]
[Annotator "ChessBase"]
[PlyCount "124"]
[EventDate "2021.10.11"]
[EventType "blitz"]
[EventCountry "RUS"]
[SourceTitle "playchess.com"]
[Source "ChessBase"]
[SourceQuality "1"]
[TimeControl "180+2"]

1. d4 Nf6 2. c4 g6 3. Nc3 Bg7 4. e4 d6 5. Be2 O-O 6. Be3 e5 7. d5 Na6 8. g4 Nc5 9. f3 a5 10. h4 h5 11. g5 Nh7 12. Qd2 f6 13. Nh3 Bxh3 14. Rxh3 fxg5 15. hxg5 Qe7 16. O-O-O b6 17. Rg1 Rf7 18. Nb5 Raf8 19. Na7 Rf4 20.
Nc6 Qd7 21. Rhh1 Qe8 22. Bd1 R8f7 23. Kc2 Nf8 24. Bxc5 dxc5 25. Qg2 Rd7 26. Be2 Rd6 27. Na7 Rd8 28. Qh3 Qd7 29. Kb3 Qxh3 30. Rxh3 Nd7 31. Nb5 Rc8 32. Rhg3 Bf8 33. Bf1 Bd6 34. Bh3 Rd8 35. Bxd7 Rxd7 36. Ka4 Rdf7 37. Nxd6 cxd6 38. Kb5 Rxf3 39. Kc6 Rf2 40. Kxd6 Rxb2 41. Rd3 Re2 42. Kc6 Kf8 43. Rb1 Rxe4 44. d6 Rd4 45. Rxd4 cxd4 46. d7 Ke7 47. Kc7 Rf8 48. Re1 Ke6 49. Rf1 Rg8 50. Rf6+ Ke7 51. Rxg6 Rf8 52. Rg7+ Ke6 53. Rg6+ Ke7 54. Rg7+ Ke6 55. Rh7 d3 56. Rh6+ Ke7 57. Rh7+ Ke6 58. Rxh5 e4 59. g6 d2 60. g7 Rg8 61. Rd5 e3 62. d8=Q Rxd8 0-1

[Event "RUS-ch Blitz 2021"]
[Site "Sochi"]
[Date "2021.10.11"]
[Round "12.15"]
[White "Mikhailovsky, Vladimir"]
[Black "Dreev, Aleksey"]
[Result "1-0"]
[ECO "B10"]
[WhiteElo "2184"]
[BlackElo "2635"]
[Annotator "ChessBase"]
[PlyCount "89"]
[EventDate "2021.10.11"]
[EventType "blitz"]
[EventCountry "RUS"]
[SourceTitle "playchess.com"]
[Source "ChessBase"]
[SourceQuality "1"]
[TimeControl "180+2"]

1. e4 c6 2. c4 d5 3. cxd5 cxd5 4. exd5 Nf6 5. Qa4+ Nbd7 6. Nc3 g6 7. Bc4 Bg7 8. d3 O-O 9. Nf3 a6 10. Qa3 b6 11. O-O Bb7 12. Be3 b5 13.
Bb3 Re8 14. Rfe1 Bf8 15. Qb4 e5 16. Qh4 b4 17. Ne4 Nxd5 18.
Bg5 Qb6 19. Bh6 Qd8 20. Bg5 Qb6 21. Rad1 Bg7 22. Bh6 Nf8 23. Nfg5 Rad8 24. Ba4 Bc6 25. Bb3 Bb7 26. Rc1 Re7 27. Nc5 Ba8 28. Bxg7 Kxg7 29. Bxd5 Bxd5 30. Nge4 Rde8 31. Na4 Qd8 32. Qf6+ Kg8 33. Qxa6 Re6 34. Qb5 Ba8 35. Qxb4 Kg7 36. Nac5 Rc6 37. Qc3 Qd5 38. b4 Rd8 39. Qc4 Qd4 40. Qxd4 Rxd4 41. b5 Rc8 42. Ne6+ Nxe6 43. Rxc8 Rxd3 44. Rxa8 Nd4 45. b6 1-0

[Event "RUS-ch Blitz 2021"]
[Site "Sochi"]
[Date "2021.10.11"]
[Round "12.16"]
[White "Usmanov, Vasily"]
[Black "Sjugirov, Sanan"]
[Result "0-1"]
[ECO "B07"]
[WhiteElo "2447"]
[BlackElo "2663"]
[Annotator "ChessBase"]
[PlyCount "78"]
[EventDate "2021.10.11"]
[EventType "blitz"]
[EventCountry "RUS"]
[SourceTitle "playchess.com"]
[Source "ChessBase"]
[SourceQuality "1"]
[TimeControl "180+2"]

1. d4 d6 2. e4 Nf6 3. Bd3 e5 4. Nf3 exd4 5. Nxd4 g6 6. O-O Bg7 7. Nc3 O-O 8. Bg5 h6 9. Bh4 Nbd7 10. Re1 Re8 11. Bf1 c6 12. Nb3 Ne5 13.
f4 Neg4 14. h3 Qb6+ 15. Kh1 Nf2+ 16. Bxf2 Qxf2 17. Qxd6 Nh5 18. Qd2 Qxd2 19. Nxd2 Nxf4 20. Nc4 Be6 21. Rad1 Red8 22. Na5 Rxd1 23. Nxd1 Rb8 24. Bc4 Bxc4 25. Nxc4 Rd8 26. Nde3 b5 27. Na5 c5 28. c4 Nd3 29. Rf1 bxc4 30. Nexc4 Nxb2 31. Nc6 Rd7 32. Nxb2 Bxb2 33. Rb1 Rd2 34. Nxa7 c4 35. Nc6 c3 36. Nb4 c2 37. Nxc2 Rxc2 38. a4 Be5 39. Rb5 Rc1# 0-1

[Event "RUS-ch Blitz 2021"]
[Site "Sochi"]
[Date "2021.10.11"]
[Round "12.17"]
[White "Tsydypov, Zhamsaran"]
[Black "Samusenko, Maksim"]
[Result "0-1"]
[ECO "E94"]
[WhiteElo "2526"]
[BlackElo "2461"]
[Annotator "ChessBase"]
[PlyCount "106"]
[EventDate "2021.10.11"]
[EventType "blitz"]
[EventCountry "RUS"]
[SourceTitle "playchess.com"]
[Source "ChessBase"]
[SourceQuality "1"]
[TimeControl "180+2"]

1. d4 Nf6 2. c4 d6 3. Nf3 g6 4. Nc3 Bg7 5. e4 O-O 6. Be2 Na6 7. O-O e5 8. d5 Nc5 9. Qc2 a5 10. Be3 b6 11. Nd2 Bg4 12. f3 Bd7 13. b3 Nh5 14. Rfe1 f5 15.
a3 Bf6 16. b4 Na6 17. bxa5 Nc5 18. axb6 cxb6 19. Bf1 Bg5 20. Bf2 Bxd2 21. Qxd2 Nb3 22. Qb2 Nxa1 23. Rxa1 Rb8 24. Qb4 Qe7 25. Bxb6 Nf6 26. a4 fxe4 27. fxe4 Ng4 28. a5 Qh4 29. h3 Ne3 30. Qxd6 Qf2+ 31. Kh1 Rxb6 32. axb6 Bxh3 33. gxh3 Qf3+ 34. Kg1 Qg3+ 35.
Kh1 Rf2 36. Ra8+ Kg7 37. Qe7+ Kh6 38. Qf8+ Rxf8 39. Rxf8 Nxf1 40. Rxf1 Qxh3+ 41. Kg1 Qxc3 42. b7 Qb4 43. Rf7 Kg5 44. Kg2 Kg4 45. c5 Qb2+ 46. Kf1 Qc1+ 47. Ke2 Qc2+ 48. Kf1 Qd3+ 49. Kf2 Qd4+ 50. Kf1 Qc4+ 51. Kg2 Qxe4+ 52. Kh2 Qc2+ 53. Kh1 Kg3 0-1

[Event "RUS-ch Blitz 2021"]
[Site "Sochi"]
[Date "2021.10.11"]
[Round "12.18"]
[White "Zakhartsov, Vladimir"]
[Black "Klukin, Kirill"]
[Result "1-0"]
[ECO "A00"]
[WhiteElo "2514"]
[BlackElo "2346"]
[Annotator "ChessBase"]
[PlyCount "103"]
[EventDate "2021.10.11"]
[EventType "blitz"]
[EventCountry "RUS"]
[SourceTitle "playchess.com"]
[Source "ChessBase"]
[SourceQuality "1"]
[TimeControl "180+2"]

1. a3 Nf6 2. b4 a5 3. Bb2 e6 4. b5 d5 5. e3 Nbd7 6. c4 Be7 7. g4 h6 8. h4 c6 9. cxd5 exd5 10. Qf3 Nf8 11. g5 hxg5 12. hxg5 Rxh1 13. Qxh1 Ne4 14. Bxg7 Nxg5 15. Nc3 Bf5 16. bxc6 bxc6 17. Nf3 Nge6 18. Bxf8 Bxf8 19. Bh3 Bxh3 20. Qxh3 Bg7 21. d4 Rb8 22. Ne2 Qe7 23. Kf1 Rb3 24. Rc1 Rb6 25. a4 Qd6 26. Ng3 Qa3 27. Re1 Qd3+ 28. Kg2 Qg6 29. Nh4 Qh7 30. Qg4 Bf8 31. Nhf5 Qg6 32. Qh4 Qg5 33. Qh8 Rb2 34. Qe5 Kd7 35. Rc1 Be7 36. Qh8 Bf8 37. Qh7 Qg6 38. Qh1 Bd6 39. Nxd6 Kxd6 40. Rc3 Kd7 41. Qc1 Rb6 42. Qd2 Rb4 43. Rc1 Qf6 44. Qc3 Nc7 45. Qc2 Qe6 46. Rb1 Na6 47. Rh1 Qg6 48. Qe2 Nc7 49. Qf3 Rb2 50. Rh8 Ne6 51. Ra8 Ra2 52. Rxa5 1-0

[Event "RUS-ch Blitz 2021"]
[Site "Sochi"]
[Date "2021.10.11"]
[Round "12.19"]
[White "Demidov, Mikhail"]
[Black "Gavrilov, Oleg"]
[Result "0-1"]
[ECO "D02"]
[WhiteElo "2551"]
[BlackElo "2356"]
[Annotator "ChessBase"]
[PlyCount "148"]
[EventDate "2021.10.11"]
[EventType "blitz"]
[EventCountry "RUS"]
[SourceTitle "playchess.com"]
[Source "ChessBase"]
[SourceQuality "1"]
[TimeControl "180+2"]

1. Nf3 d5 2. d4 Nf6 3. Bf4 e6 4. e3 Bd6 5. Bg3 b6 6. c4 O-O 7. Nc3 Bb7 8. cxd5 exd5 9. Bd3 Re8 10. O-O Bxg3 11. hxg3 Nbd7 12. Rc1 c5 13. dxc5 Nxc5 14. Nd4 g6 15. Bb5 Re7 16. Bc6 Rc8 17. Bxb7 Rxb7 18. Qe2 Nce4 19. Nxe4 dxe4 20. Qa6 Rbc7 21. Rxc7 Rxc7 22. b3 Qc8 23. Qxc8+ Rxc8 24. Rd1 Kf8 25. Kf1 Ke7 26. Ke2 a6 27. Rb1 Nd5 28. Kd2 Rc3 29. a3 Rd3+ 30. Kc2 h5 31. Rh1 Rc3+ 32. Kd2 Rd3+ 33. Kc2 Rc3+ 34. Kb2 Rd3 35. Rc1 Rd2+ 36. Rc2 Rd1 37. Rc1 Rd2+ 38. Rc2 Rd1 39. Ne2 Kd6 40. b4 f5 41. Nd4 Kd7 42. Nc6 Kd6 43.
Nd4 Kd7 44. Nc6 Kd6 45. Nb8 Rg1 46. Nxa6 Rxg2 47. a4 g5 48. a5 bxa5 49. bxa5 h4 50. gxh4 gxh4 51. Nb8 Rg8 52. Rc6+ Ke7 53. Na6 Rg2 54. Rh6 Rxf2+ 55. Kb3 Nxe3 56. Nc5 Rf1 57. a6 Rb1+ 58. Kc3 Ra1 59. Kd4 Ng4 60. Rxh4 e3 61. Rh7+ Kd6 62. Nb7+ Ke6 63. Nc5+ Kd6 64. Nb7+ Ke6 65. Kd3 Ra3+ 66. Ke2 Ra2+ 67. Ke1 Ke5 68. Nc5 f4 69. Rh5+ Kd4 70. Ne6+ Ke4 71. Nc5+ Kf3 72. Rh3+ Kg2 73. Rh4 Kg3 74. Rh7 f3 0-1

[Event "RUS-ch Blitz 2021"]
[Site "Sochi"]
[Date "2021.10.11"]
[Round "12.20"]
[White "Bryakin, Mikhail"]
[Black "Murzin, Volodar"]
[Result "1/2-1/2"]
[ECO "E61"]
[WhiteElo "2498"]
[BlackElo "2513"]
[Annotator "ChessBase"]
[PlyCount "105"]
[EventDate "2021.10.11"]
[EventType "blitz"]
[EventCountry "RUS"]
[SourceTitle "playchess.com"]
[Source "ChessBase"]
[SourceQuality "1"]
[TimeControl "180+2"]

1. d4 Nf6 2. c4 g6 3. Nc3 Bg7 4. Nf3 O-O 5. Bf4 d6 6. e3 Nbd7 7. Be2 b6 8. h3 Bb7 9. O-O Ne4 10. Nxe4 Bxe4 11. Nd2 Bb7 12. Bf3 Qc8 13. Bh2 c5 14. Bxb7 Qxb7 15. Nf3 b5 16. cxb5 Qxb5 17. Qd2 Rab8 18. b3 Qb4 19. Qe2 Rfc8 20. Rac1 Qb7 21. Rfd1 cxd4 22. Nxd4 Rxc1 23. Rxc1 Rc8 24. Rxc8+ Qxc8 25. Qc2 Qa6 26.
Bg3 Nc5 27. f3 Bf6 28. Bf2 Nd3 29. a4 Nc5 30. Nb5 Qb6 31. b4 Ne6 32. Qc4 a6 33. Na3 Kg7 34. b5 axb5 35. Qxb5 Qc7 36. Nc4 Nc5 37. a5 Qc8 38. e4 Na6 39. Be3 Bc3 40. Nb6 Qb7 41. Kh1 Nc7 42. Qa4 Qa6 43. Qd7 Qf1+ 44. Kh2 Be5+ 45. f4 Bxf4+ 46. Bxf4 Qxf4+ 47. Kh1 Qc1+ 48. Kh2 Qf4+ 49. Kh1 Qc1+ 50. Kh2 Qf4+ 51. Kh1 Qc1+ 52. Kh2 Qf4+ 53. Kh1 1/2-1/2

[Event "RUS-ch Blitz 2021"]
[Site "Sochi"]
[Date "2021.10.11"]
[Round "12.21"]
[White "Faizrakhmanov, Ramil"]
[Black "Bologan, Victor"]
[Result "1-0"]
[ECO "A53"]
[WhiteElo "2483"]
[BlackElo "2574"]
[Annotator "ChessBase"]
[PlyCount "77"]
[EventDate "2021.10.11"]
[EventType "blitz"]
[EventCountry "RUS"]
[SourceTitle "playchess.com"]
[Source "ChessBase"]
[SourceQuality "1"]
[TimeControl "180+2"]

1. d4 d6 2. c4 e5 3. Nc3 exd4 4. Qxd4 Nc6 5. Qd2 Nf6 6. e4 g6 7. Bd3 Bg7 8. Nge2 O-O 9. O-O Nd7 10. b3 Nc5 11. Bb2 f5 12. exf5 Nxd3 13.
Qxd3 Bxf5 14. Qd2 Ne5 15. Ng3 Qd7 16. Nxf5 Qxf5 17. Nd5 Qf7 18. f4 Ng4 19. Bxg7 Qxg7 20. Rae1 Rf7 21. h3 Nf6 22. Re6 Raf8 23. Rfe1 Nh5 24. Re7 Nxf4 25. Rxf7 Qxf7 26. Re7 Qf5 27. Nxf4 Qxf4 28. Qxf4 Rxf4 29. Rxc7 Rf7 30. Rc8+ Rf8 31.
Rxf8+ Kxf8 32. Kf2 Ke7 33. Ke3 Ke6 34. Ke4 h6 35. h4 h5 36. g3 a5 37. a3 b6 38. b4 axb4 39. axb4 1-0

[Event "RUS-ch Blitz 2021"]
[Site "Sochi"]
[Date "2021.10.11"]
[Round "12.22"]
[White "Nesterov, Arseniy"]
[Black "Gochelashvili, David"]
[Result "1-0"]
[ECO "E73"]
[WhiteElo "2514"]
[BlackElo "2400"]
[Annotator "ChessBase"]
[PlyCount "57"]
[EventDate "2021.10.11"]
[EventType "blitz"]
[EventCountry "RUS"]
[SourceTitle "playchess.com"]
[Source "ChessBase"]
[SourceQuality "1"]
[TimeControl "180+2"]

1. d4 Nf6 2. c4 g6 3. Nc3 Bg7 4. e4 d6 5. Be2 O-O 6. Be3 c5 7. d5 e6 8. Nf3 exd5 9. cxd5 Ng4 10. Bf4 a6 11. Nd2 Ne5 12. a4 f5 13. exf5 Bxf5 14. O-O Nd3 15.
Bg3 Nxb2 16. Qb3 Nd3 17. Nc4 Nd7 18. Nxd6 Nb4 19. Nxf5 Rxf5 20. d6+ Kh8 21. Rae1 Ne5 22. Ne4 Qa5 23. Rd1 Rd8 24. Bh4 Rd7 25. Qe6 Nbc6 26. f4 Nd4 27. Rxd4 cxd4 28. fxe5 Rxf1+ 29. Bxf1 1-0

[Event "RUS-ch Blitz 2021"]
[Site "Sochi"]
[Date "2021.10.11"]
[Round "12.23"]
[White "Matinian, Nikita"]
[Black "Dudin, Gleb"]
[Result "1-0"]
[ECO "B15"]
[WhiteElo "2454"]
[BlackElo "2438"]
[Annotator "ChessBase"]
[PlyCount "75"]
[EventDate "2021.10.11"]
[EventType "blitz"]
[EventCountry "RUS"]
[SourceTitle "playchess.com"]
[Source "ChessBase"]
[SourceQuality "1"]
[TimeControl "180+2"]

1. e4 c6 2. Nc3 d5 3. Nf3 g6 4. d4 Bg7 5. Bd3 Bg4 6. e5 e6 7. h3 Bxf3 8.
Qxf3 Nd7 9. Ne2 Ne7 10. g4 c5 11. c3 Nc6 12. O-O O-O 13. Be3 f6 14. exf6 Bxf6 15. Qg3 cxd4 16. cxd4 e5 17. dxe5 Ndxe5 18. Rad1 Qe7 19. Nf4 Rad8 20. Bb1 Qf7 21. Nd3 Nc4 22. Bh6 Rfe8 23. b3 Nd6 24. Be3 Ne4 25. Qg2 Nc3 26. Rde1 Nxb1 27. Rxb1 d4 28. Bd2 Re2 29. Rbd1 Rde8 30. Nf4 R2e4 31. Nd3 Bg7 32. Rfe1 Rxe1+ 33. Rxe1 Rxe1+ 34. Bxe1 Qe6 35. Kf1 Bf6 36. Qf3 Kg7 37. Nc5 Qe7 38. Qd5 1-0

[Event "RUS-ch Blitz 2021"]
[Site "Sochi"]
[Date "2021.10.11"]
[Round "12.24"]
[White "Zakaryan, David"]
[Black "Dashko, Andrey"]
[Result "1-0"]
[ECO "B42"]
[WhiteElo "2283"]
[BlackElo "2219"]
[Annotator "NA"]
[PlyCount "53"]
[EventDate "2021.10.11"]
[EventType "blitz"]
[EventCountry "RUS"]
[SourceTitle "playchess.com"]
[Source "ChessBase"]
[SourceQuality "1"]
[TimeControl "180+2"]

1. e4 c5 2. Nf3 e6 3. d4 cxd4 4. Nxd4 a6 5. Bd3 Bc5 6. Nb3 Ba7 7. Qg4 Nf6 8. Qg3 Nh5 9. Qh3 Qf6 10. Qxh5 Qxf2+ 11. Kd1 Qxg2 12. Rf1 O-O 13. e5 g6 14. Qf3 Qxh2 15. Bf4 Qh4 16. Rh1 Qf2 17. Qh3 h5 18. Rf1 Qb6 19. Nc3 d5 20. Bh6 Nc6 21. Bxf8 Kxf8 22. Bxg6 Nxe5 23. Qxh5 Nxg6 24. Qxg6 Qc7 25. Qf6 Ke8 26.
Qh8+ Ke7 27. Rxf7+ 1-0

[Event "RUS-ch Blitz 2021"]
[Site "Sochi"]
[Date "2021.10.11"]
[Round "13.2"]
[White "Sarana, Alexey"]
[Black "Alekseev, Evgeny"]
[Result "1-0"]
[ECO "D37"]
[WhiteElo "2649"]
[BlackElo "2602"]
[Annotator "ChessBase"]
[PlyCount "85"]
[EventDate "2021.10.11"]
[EventType "blitz"]
[EventCountry "RUS"]
[SourceTitle "playchess.com"]
[Source "ChessBase"]
[SourceQuality "1"]
[TimeControl "180+2"]

1. d4 Nf6 2. c4 e6 3. Nf3 d5 4. Nc3 Nbd7 5. Bf4 Bb4 6. e3 c5 7. Be2 cxd4 8. Qxd4 O-O 9. O-O Bc5 10. Qd3 dxc4 11. Qxc4 a6 12. Rfd1 b5 13. Qb3 Bb7 14. Ne5 Qe7 15. Nxd7 Nxd7 16. a4 b4 17. a5 Bxg2 18. Kxg2 bxc3 19. Qxc3 Nf6 20. Bf3 Nd5 21. Bxd5 exd5 22. Qe5 Qxe5 23. Bxe5 Rfd8 24. Rac1 Bf8 25. Rc6 f6 26. Bc7 Rd7 27. Bb6 Re8 28. Bd4 Ra8 29. Bb6 Re8 30. Kf3 Kf7 31. Rdc1 Re6 32. Rxe6 Kxe6 33. Rc6+ Rd6 34. Rc8 Be7 35. Bc5 Rd8 36. Rc6+ Kd7 37. Bxe7 Kxe7 38. Rxa6 Rb8 39. Rb6 Rxb6 40. axb6 Kd6 41. e4 dxe4+ 42. Kxe4 g6 43. b7 1-0

[Event "RUS-ch Blitz 2021"]
[Site "Sochi"]
[Date "2021.10.11"]
[Round "13.3"]
[White "Sakaev, Konstantin"]
[Black "Kukhmazov, Arsen"]
[Result "1/2-1/2"]
[ECO "E59"]
[WhiteElo "2603"]
[BlackElo "2472"]
[Annotator "ChessBase"]
[PlyCount "27"]
[EventDate "2021.10.11"]
[EventType "blitz"]
[EventCountry "RUS"]
[SourceTitle "playchess.com"]
[Source "ChessBase"]
[SourceQuality "1"]
[TimeControl "180+2"]

1. d4 Nf6 2. c4 e6 3. Nc3 Bb4 4. e3 O-O 5. Bd3 d5 6. a3 Bxc3+ 7. bxc3 dxc4 8.
Bxc4 c5 9. Nf3 Qc7 10. Be2 b6 11. Bb2 Nc6 12. O-O Na5 13. Rc1 Bb7 14. c4 1/2-1/2

[Event "RUS-ch Blitz 2021"]
[Site "Sochi"]
[Date "2021.10.11"]
[Round "13.4"]
[White "Lysyj, Igor"]
[Black "Pridorozhni, Aleksei"]
[Result "1-0"]
[ECO "A53"]
[WhiteElo "2603"]
[BlackElo "2564"]
[Annotator "ChessBase"]
[PlyCount "109"]
[EventDate "2021.10.11"]
[EventType "blitz"]
[EventCountry "RUS"]
[SourceTitle "playchess.com"]
[Source "ChessBase"]
[SourceQuality "1"]
[TimeControl "180+2"]

1. d4 d6 2. Nf3 Bg4 3. e3 Nd7 4. Be2 Ngf6 5. c4 c6 6. Nc3 e5 7. h3 Bh5 8. O-O Be7 9. e4 O-O 10. Be3 Qc7 11. Rc1 Rfc8 12. d5 cxd5 13.
cxd5 Qd8 14. Nd2 Bxe2 15. Qxe2 Ne8 16. Nf3 a6 17. Rc2 Rc7 18. Rfc1 Rac8 19. a4 h6 20. g3 Rc4 21. Nd2 R4c7 22. h4 Nef6 23.
Kg2 h5 24. f3 g6 25. a5 Bf8 26. b3 Nc5 27. b4 Ncd7 28. Qd3 Kh7 29. Na4 Bh6 30. Bxh6 Kxh6 31. Nc4 Ne8 32. Ncb6 Nxb6 33. Nxb6 Rxc2+ 34. Rxc2 Rxc2+ 35. Qxc2 Qc7 36. Qc4 Kg7 37. Kf2 Kf8 38. Ke3 Ke7 39. Kd3 Qxc4+ 40. Nxc4 Nc7 41. f4 f6 42. Ne3 Nb5 43. f5 g5 44. g4 gxh4 45. gxh5 h3 46. Ng4 Kf7 47. Ke3 Nc3 48.
h6 Nd1+ 49. Kf3 Nc3 50. h7 Kg7 51. Nxf6 Ne2 52. Ne8+ Kxh7 53. Nxd6 Nf4 54. Kg3 Kg7 55. Nxb7 1-0

[Event "RUS-ch Blitz 2021"]
[Site "Sochi"]
[Date "2021.10.11"]
[Round "13.5"]
[White "Vastrukhin, Oleg"]
[Black "Timofeev, Artyom"]
[Result "1/2-1/2"]
[ECO "A16"]
[WhiteElo "2382"]
[BlackElo "2586"]
[Annotator "ChessBase"]
[PlyCount "130"]
[EventDate "2021.10.11"]
[EventType "blitz"]
[EventCountry "RUS"]
[SourceTitle "playchess.com"]
[Source "ChessBase"]
[SourceQuality "1"]
[TimeControl "180+2"]

1. Nf3 Nf6 2. g3 g6 3. Bg2 Bg7 4. O-O O-O 5. c4 Nc6 6. Nc3 e6 7. b3 d5 8. Bb2 d4 9. Na4 e5 10. e3 dxe3 11. dxe3 Qe7 12. Qc1 Rd8 13. Ba3 Qe8 14. Rd1 Rxd1+ 15. Qxd1 e4 16. Nd4 Nxd4 17. exd4 e3 18. f3 Bf5 19. Qe2 Rd8 20. Bb2 b5 21. Nc5 bxc4 22. bxc4 Rb8 23. Re1 Nd7 24. Ne4 Bxe4 25. fxe4 c5 26. e5 cxd4 27. Bxd4 Bxe5 28. Bxa7 Rb2 29. Qxe3 Rxa2 30. Bd5 Rxa7 31. Qxa7 Bd4+ 32. Qxd4 Qxe1+ 33. Kg2 Qe2+ 34. Qf2 Qe7 35. Qf3 Nc5 36. Qf2 Nd3 37. Qd2 Nc5 38. Kf3 Nd7 39. Qe3 Kf8 40. Qxe7+ Kxe7 41. Ke4 f6 42. Kd4 Kd6 43. Be4 Nc5 44. Bc2 Ne6+ 45. Ke4 Kc5 46. Bd3 Ng5+ 47. Kf4 Nf7 48. g4 Ne5 49. Bb1 Nxc4 50. h4 Nd6 51. g5 f5 52. Ba2 Nc4 53.
h5 Kd4 54. h6 Kc5 55. Bb3 Kd4 56. Ba2 Kc5 57. Bb3 Kd4 58. Ba2 Kc5 59. Bb1 Kd5 60. Bxf5 gxf5 61. Kxf5 Ne5 62. Kf6 Kd6 63. Kg7 Ke7 64. Kxh7 Kf7 65. g6+ Nxg6 1/2-1/2

[Event "RUS-ch Blitz 2021"]
[Site "Sochi"]
[Date "2021.10.11"]
[Round "13.6"]
[White "Kobalia, Mikhail"]
[Black "Petrov, Nikita"]
[Result "0-1"]
[ECO "B40"]
[WhiteElo "2600"]
[BlackElo "2539"]
[Annotator "ChessBase"]
[PlyCount "87"]
[EventDate "2021.10.11"]
[EventType "blitz"]
[EventCountry "RUS"]
[SourceTitle "playchess.com"]
[Source "ChessBase"]
[SourceQuality "1"]
[TimeControl "180+2"]

1. e4 c5 2. Nf3 e6 3. g3 Nc6 4. Bg2 Nf6 5. Qe2 e5 6. O-O Be7 7. Nc3 d6 8. Nd5 Be6 9. Nxe7 Qxe7 10. d3 O-O 11. c3 h6 12. Re1 Rad8 13. h3 Rfe8 14. Nh4 Qd7 15. g4 Nh7 16. Nf5 d5 17. Qf3 b5 18. Be3 d4 19. cxd4 Nxd4 20.
Nxd4 cxd4 21. Bd2 Rc8 22. Rec1 Nf8 23. a3 Ng6 24. Qg3 Qd6 25.
h4 Nf4 26. Bxf4 exf4 27. Qf3 Qe5 28. Bf1 g5 29. hxg5 hxg5 30.
Be2 Kg7 31. Kg2 Rh8 32. Rxc8 Bxc8 33. Rc1 Be6 34. b4 Rh4 35. Rc5 Qf6 36. Rxb5 Qh6 37. Kg1 Bxg4 38. Qxg4 Rxg4+ 39. Bxg4 Qh4 40. f3 Qe1+ 41. Kg2 Qe2+ 42. Kg1 Qxd3 43. Rd5 Qe3+ 44. Kg2 0-1

[Event "RUS-ch Blitz 2021"]
[Site "Sochi"]
[Date "2021.10.11"]
[Round "13.7"]
[White "Riazantsev, Alexander"]
[Black "Antipov, Mikhail Al."]
[Result "1/2-1/2"]
[ECO "D91"]
[WhiteElo "2634"]
[BlackElo "2619"]
[Annotator "ChessBase"]
[PlyCount "100"]
[EventDate "2021.10.11"]
[EventType "blitz"]
[EventCountry "RUS"]
[SourceTitle "playchess.com"]
[Source "ChessBase"]
[SourceQuality "1"]
[TimeControl "180+2"]

1. d4 Nf6 2. Nf3 g6 3. c4 Bg7 4. Nc3 d5 5. Bg5 Ne4 6. cxd5 Nxg5 7. Nxg5 e6 8. Qd2 exd5 9. Qe3+ Kf8 10. Qf4 Bf6 11. h4 h6 12. Nf3 Kg7 13.
O-O-O Be6 14. e4 dxe4 15. d5 Bf5 16. Nd4 Bxd4 17. Rxd4 Qf6 18. Rc4 g5 19. Qe3 Nd7 20. Nxe4 Bxe4 21. Rxe4 Nb6 22. Re5 Qf4 23. Qxf4 gxf4 24. Bb5 a6 25. Bd3 Rad8 26. Be4 Rhe8 27. Rxe8 Rxe8 28. Bf3 Nc4 29. Rd1 Ne5 30. Rd4 Nxf3 31. gxf3 Re5 32. Rc4 Rxd5 33. Rxc7 b5 34. Rc6 a5 35. Kc2 Rh5 36. Kd3 Rxh4 37. Rc5 Rh2 38. Rxb5 Rxf2 39. Ke4 a4 40. a3 Rc2 41. Kxf4 Rc4+ 42. Kg3 Kg6 43. Rb6+ f6 44. Rb5 f5 45. b3 axb3 46. Rxb3 Ra4 47. Rb6+ Kg5 48. f4+ Kh5 49. Rb3 Ra5 50. Re3 Ra4 1/2-1/2

[Event "RUS-ch Blitz 2021"]
[Site "Sochi"]
[Date "2021.10.11"]
[Round "13.8"]
[White "Shubin, Kirill"]
[Black "Rozum, Ivan"]
[Result "1/2-1/2"]
[ECO "B13"]
[WhiteElo "2463"]
[BlackElo "2529"]
[Annotator "ChessBase"]
[PlyCount "30"]
[EventDate "2021.10.11"]
[EventType "blitz"]
[EventCountry "RUS"]
[SourceTitle "playchess.com"]
[Source "ChessBase"]
[SourceQuality "1"]
[TimeControl "180+2"]

1. e4 c6 2. d4 d5 3. exd5 cxd5 4. Bd3 Nc6 5. c3 Nf6 6. Bf4 Bg4 7. Qb3 Qd7 8. Nd2 e6 9. Ngf3 Bd6 10. Bxd6 Qxd6 11. O-O O-O 12. Rfe1 Ne7 13. Ne5 Bf5 14. Bxf5 Nxf5 15. Re2 Qc7 1/2-1/2

[Event "RUS-ch Blitz 2021"]
[Site "Sochi"]
[Date "2021.10.11"]
[Round "13.9"]
[White "Savchenko, Boris"]
[Black "Makarian, Rudik"]
[Result "1-0"]
[ECO "B80"]
[WhiteElo "2535"]
[BlackElo "2470"]
[Annotator "ChessBase"]
[PlyCount "87"]
[EventDate "2021.10.11"]
[EventType "blitz"]
[EventCountry "RUS"]
[SourceTitle "playchess.com"]
[Source "ChessBase"]
[SourceQuality "1"]
[TimeControl "180+2"]

1. e4 c5 2. Nf3 e6 3. d4 cxd4 4. Nxd4 Nf6 5. Nc3 Nc6 6. g3 d6 7. Nb3 Be7 8. Bg2 O-O 9. O-O a6 10. a4 Na5 11. Nd4 Bd7 12. b3 Qc8 13.
Bb2 e5 14. Nf3 b5 15. axb5 axb5 16. Nh4 g6 17. Qd2 b4 18. Nd1 Qb7 19. Qg5 Bb5 20. Re1 Nh5 21. Qg4 Bd7 22. Nf5 Be6 23. Nde3 Ng7 24. Nxe7+ Qxe7 25. Qe2 Nc6 26. Nd5 Bxd5 27. exd5 Rxa1 28. Rxa1 Nd8 29. Qc4 f5 30. Qxb4 Nf7 31. c4 e4 32. Ra6 e3 33. Qc3 exf2+ 34. Kxf2 Ne5 35. Rxd6 Qxd6 36. Qxe5 Qxe5 37. Bxe5 Re8 38. Bd4 Rb8 39. d6 Ne6 40. Bd5 Kf7 41. c5 Rb4 42. Bc3 Rb5 43. b4 Rb8 44. c6 1-0